 Dungeon Crawl Stone Soup version 0.28-a0-268-g3f656e82c2 (webtiles) character file.

Game seed: 8519149817099239996

66 frimble the Covered (level 4, 0/38 HPs)
             Began as a Gnoll Wanderer on Aug 29, 2021.
             Killed by divine providence
             ... invoked by an orc priest
              (10 damage)
             ... on level 3 of the Dungeon.
             The game lasted 00:01:49 (2474 turns).

frimble the Covered (Gnoll Wanderer)                Turns: 2474, Time: 00:01:50

Health: 0/38       AC: 11    Str: 11    XL:     4   Next: 15%
Magic:  14/14      EV:  9    Int: 14    God:
Gold:   119        SH:  0    Dex: 16    Spells: 5/5 levels left

rFire   . . .      SeeInvis .   a - +0 hand crossbow
rCold   . . .      Faith    .   (no shield)
rNeg    . . .      Spirit   .   j - +2 scale mail
rPois   .          Reflect  .   h - +0 helmet
rElec   .          Harm     .   (no cloak)
rCorr   .          Rampage  .   (no gloves)
Will    .....                   (no boots)
Stlth   ..........              (no amulet)
HPRegen 0.12/turn               g - +6 ring of dexterity
MPRegen 0.14/turn               f - ring of magical power

@: no status effects
A: fangs 1, strong nose, distributed training
a: no special abilities


You were on level 3 of the Dungeon.
You visited 1 branch of the dungeon, and saw 3 of its levels.

You collected 119 gold pieces.

Inventory:

Hand Weapons
 a - a +0 hand crossbow (weapon)
 b - a +1 short sword
Missiles
 c - 8 bolts (quivered ammo)
Armour
 h - a +0 helmet (worn)
 j - a +2 scale mail (worn)
Jewellery
 f - a ring of magical power (right hand)
 g - a +6 ring of dexterity (left hand)
Scrolls
 e - a scroll of enchant weapon
Potions
 d - 2 potions of curing
 i - a potion of lignification {unknown}
 l - a potion of degeneration {unknown}
 m - 2 potions of heal wounds {unknown}


   Skills:
 + Level 4.6 Fighting
 + Level 1.0 Short Blades
 + Level 1.0 Long Blades
 + Level 1.0 Axes
 + Level 2.7 Maces & Flails
 + Level 1.0 Polearms
 + Level 1.0 Staves
 + Level 1.0 Slings
 + Level 1.0 Bows
 + Level 4.6 Crossbows
 + Level 2.7 Throwing
 + Level 6.6 Armour
 + Level 1.0 Dodging
 + Level 1.0 Stealth
 + Level 1.0 Shields
 + Level 1.0 Unarmed Combat
 + Level 1.0 Spellcasting
 + Level 0.8 Conjurations
 + Level 0.8 Hexes
 + Level 0.8 Summonings
 + Level 0.8 Necromancy
 + Level 0.8 Translocations
 + Level 0.8 Transmutations
 + Level 0.8 Fire Magic
 + Level 0.8 Ice Magic
 + Level 0.8 Air Magic
 + Level 0.8 Earth Magic
 + Level 0.8 Poison Magic
 + Level 1.1 Invocations
 + Level 2.7 Evocations


You had 5 spell levels left.
You didn't know any spells.
Your spell library was empty.

Dungeon Overview and Level Annotations

Branches:
Dungeon (3/15)

Altars:

Shops:
D:3 =


Innate Abilities, Weirdness & Mutations

You have very sharp teeth.
Your uncanny sense of smell can sniff out nearby items.
Your experience applies equally to all skills.


Message History

Fire: 14 bolts
Press: ? - help, Q - select action Shift-Dir - straight line, f/p - kobold
Aim: a kobold, wielding a +0 short sword (61% to hit)
You shoot a bolt. The bolt hits the orc.
The orc is moderately wounded.
The orc hits you but does no damage.
Fire: 13 bolts
Press: ? - help, Q - select action Shift-Dir - straight line, f - orc priest, p - kobold
Aim: an orc priest, wielding a +0 club and wearing a +0 ring mail (69% to hit)
You shoot a bolt. The bolt hits the orc!
You kill the orc!
The orc priest mumbles some strange prayers to Beogh against you.
Beogh smites you!
Fire: 12 bolts
Press: ? - help, Q - select action Shift-Dir - straight line, f/p - orc priest
Aim: an orc priest, wielding a +0 club and wearing a +0 ring mail (70% to hit)
You shoot a bolt. The bolt hits the kobold.
You kill the kobold!
Fire: 11 bolts
Press: ? - help, Q - select action Shift-Dir - straight line, f/p - orc priest
Aim: an orc priest, wielding a +0 club and wearing a +0 ring mail (69% to hit)
You shoot a bolt. The bolt hits the orc priest.
The orc priest is moderately wounded.
The orc priest hits you but does no damage.
Fire: 10 bolts
Press: ? - help, Q - select action Shift-Dir - straight line, f/p - orc priest
Aim: an orc priest, wielding a +0 club and wearing a +0 ring mail (moderately wounded, 70% to hit)
You shoot a bolt. The bolt hits the orc priest.
The orc priest is heavily wounded.
The orc priest hits you with a +0 club.
* * * LOW HITPOINT WARNING * * *
Fire: 9 bolts
Press: ? - help, Q - select action Shift-Dir - straight line, f/p - orc priest
Aim: an orc priest, wielding a +0 club and wearing a +0 ring mail (heavily wounded, 70% to hit)
You shoot a bolt. The bolt hits the orc priest.
The orc priest is severely wounded.
The orc priest hits you but does no damage.
The orc priest invokes the aid of Beogh against you.
Beogh smites you!
You die...

.....###.#######.#..#.##
##.#.# #.##......#.....#
#.### #.##.######.#####
#># #......# #.# #.#
####.#.####[# #.#
#.#..(.#.# #.#
#..).#.#.# #.#
####.#o#.# #.# #o#@#.#
Ko#.#.# #########.#.#
#.........#.#
#.#########.# #.# #.#
#.# #.### #.# #...# #.#
###.#


You could see an orc priest.

Vanquished Creatures
  An adder (D:3)
  2 worms (D:2)
  5 orcs (D:3)
  2 ball pythons
  5 endoplasms
  4 hobgoblins
  A quokka (D:3)
  2 bats (D:2)
  A frilled lizard (D:1)
  11 goblins
  5 kobolds
  3 rats (D:1)
42 creatures vanquished.

Notes
Turn   | Place    | Note
-------+----------+-------------------------------------------
     0 | D:1      | frimble the Gnoll Wanderer began the quest for the Orb.
     0 | D:1      | frimble set off with the following items: a +0 hand
                  | crossbow, a +2 scale mail, 21 bolts, a potion of curing
     0 | D:1      | Reached XP level 1. HP: 20/20 MP: 1/1
   277 | D:1      | Reached XP level 2. HP: 25/26 MP: 2/2
  1059 | D:2      | Found a faded altar of an unknown god.
  1098 | D:2      | Reached XP level 3. HP: 27/31 MP: 3/3
  2035 | D:3      | Reached skill level 1 in Invocations
  2098 | D:3      | Reached skill level 1 in Short Blades
  2098 | D:3      | Reached skill level 1 in Long Blades
  2098 | D:3      | Reached skill level 1 in Axes
  2098 | D:3      | Reached skill level 1 in Polearms
  2098 | D:3      | Reached skill level 1 in Staves
  2098 | D:3      | Reached skill level 1 in Slings
  2098 | D:3      | Reached skill level 1 in Bows
  2098 | D:3      | Reached skill level 1 in Dodging
  2098 | D:3      | Reached skill level 1 in Stealth
  2098 | D:3      | Reached skill level 1 in Shields
  2098 | D:3      | Reached skill level 1 in Unarmed Combat
  2098 | D:3      | Reached skill level 1 in Spellcasting
  2168 | D:3      | Found Riuloyn's Jewellery Emporium.
  2452 | D:3      | Reached XP level 4. HP: 37/38 MP: 5/5
  2474 | D:3      | Killed from afar by an orc priest

Illustrated notes

Levels and vault maps discovered:
D:1:      nagdon_arrival_zigzag_paths, layout_basic
D:2:      layout_basic, hellmonk_ecumenical_altar_arch_garden,
          kennysheep_generic_room_2
D:3:      layout_basic, general_overflow_altar, ebering_ghost_disaster_area,
          serial_shops, shop_fountains

Skill      XL: |  1  2  3 |
---------------+----------+-----
Invocations    | 1 |  1.1
Short Blades   | 1 |  1.0
Long Blades    | 1 |  1.0
Axes           | 1 |  1.0
Polearms       | 1 |  1.0
Staves         | 1 |  1.0
Slings         | 1 |  1.0
Bows           | 1 |  1.0
Dodging        | 1 |  1.0
Stealth        | 1 |  1.0
Shields        | 1 |  1.0
Unarmed Combat | 1 |  1.0
Spellcasting   | 1 |  1.0
Fighting       | |  4.6
Maces & Flails | |  2.7
Crossbows      | |  4.6
Throwing       | |  2.7
Armour         | |  6.6
Conjurations   | |  0.8
Hexes          | |  0.8
Summonings     | |  0.8
Necromancy     | |  0.8
Translocations | |  0.8
Transmutations | |  0.8
Fire Magic     | |  0.8
Ice Magic      | |  0.8
Air Magic      | |  0.8
Earth Magic    | |  0.8
Poison Magic   | |  0.8
Evocations     | |  2.7

Action                   |  1- 3 |  4- 6 || total
-------------------------+-------+-------++-------
Melee: Short sword       |    82 |     9 ||    91
       Bite              |     6 |       ||     6
 Fire: Hand crossbow     |    40 |     9 ||    49
  Use: Scroll            |     3 |       ||     3
Armor: Scale mail        |    43 |    12 ||    55
Dodge: Dodged            |    32 |     6 ||    38

Table legend: (Time is in decaauts)
 A = Elapsed time spent in this place.
 B = Non-inter-level travel time spent in this place.
 C = Inter-level travel time spent in this place.
 D = Time resting spent in this place.
 E = Time spent auto-exploring this place.
 F = Levels seen in this place.
 G = Mean time per level.
                   A        B        C        D        E       F      G
               +--------+--------+--------+--------+--------+-----+--------+
         Total |   2492 |   2355 |    137 |      4 |   2035 |   3 |  830.7 |
       Dungeon |   2492 |   2355 |    137 |      4 |   2035 |   3 |  830.7 |
               +--------+--------+--------+--------+--------+-----+--------+

Top non-repeatable levels by time:
     D:2: 1175 daAuts
     D:1: 867 daAuts
     D:3: 448 daAuts
